 Dungeon Crawl Stone Soup version 0.21.1 (webtiles) character file.

6339 rlgrobin the Skirmisher (level 10, -7/120 HPs)
             Began as a Demonspawn Fighter on Feb 4, 2018.
             Was an Elder of Makhleb.
             Mangled by a yak (9 damage)
             ... on level 11 of the Dungeon.
             The game lasted 00:29:35 (8353 turns).

rlgrobin the Skirmisher (Demonspawn Fighter)        Turns: 8353, Time: 00:29:36

Health: -7/120     AC: 21    Str: 22    XL:     10   Next: 64%
Magic:  12/15      EV:  2    Int: 13    God:    Makhleb [****..]
Gold:   317        SH:  0    Dex: 13    Spells: 9/9 levels left

rFire    x . .     SeeInvis .   y - +9 hand axe of the Warrior {elec, *Corrode rPois Int+4, !a}
rCold    + . .     Gourm    .   c - +1 shield
rNeg     + + +     Faith    .   (armour currently unavailable)
rPois    +         Spirit   .   (helmet currently unavailable)
rElec    .         Reflect  +   (cloak currently unavailable)
rCorr    .         Harm     .   (gloves currently unavailable)
MR       .....     NoTele   +   (boots currently unavailable)
Stlth    +.........             t - +6 amulet of reflection
HPRegen  0.30/turn              u - +2 ring of strength
MPRegen  0.14/turn              F - ring of ice

@: confused, tree-form, corroded
A: flame cloud immunity
a: Minor Destruction, Lesser Servant of Makhleb, Major Destruction, Renounce
Religion


You were on level 11 of the Dungeon.
You worshipped Makhleb.
Makhleb was greatly pleased with you.
You were not hungry.
You were a tree.
You visited 2 branches of the dungeon, and saw 12 of its levels.

You collected 658 gold pieces.
You spent 341 gold pieces at shops.


Innate Abilities, Weirdness & Mutations

((You have sharp fingernails.))
((You have a pair of small horns on your head.))
((You have razor-sharp toenails.))
((Your flesh is heat resistant. (rF+)))
You are immune to clouds of flame.


   Skills:
 + Level 7.9 Fighting
 + Level 6.7 Axes
 - Level 0.2(4.1) Maces & Flails
 + Level 7.2 Armour
 + Level 7.2 Shields
 + Level 3.4 Unarmed Combat
 + Level 7.8 Invocations


You had 9 spell levels left.
You didn't know any spells.

Inventory:

Hand Weapons
 a - a +1 war axe
 q - a +0 hand axe of chopping
 y - the +9 hand axe of the Warrior (weapon) {elec, *Corrode rPois Int+4, !a} Occasionally, upon striking a foe, it will discharge some electrical energy and cause terrible harm. It affects your intelligence (+4). It protects you from poison. It may corrode you when you take damage.
 H - the +10 flail of a sewer {flame, Str+6 Stlth+}

   It has been specially enchanted to burn those struck by it, causing extra
   injury to most foes and up to half again as much damage against particularly
   susceptible opponents.
   It affects your strength (+6).
   It makes you more stealthy.
Armour
 b - a +0 scale mail
 c - a +1 shield (worn)
 s - a +0 plate armour (melded)
 x - a +0 pair of boots
Jewellery
 j - an uncursed amulet of regeneration
 n - an uncursed amulet of rage
 t - a +6 amulet of reflection (around neck)
 u - a +2 ring of strength (left branch)
 F - a ring of ice (right branch)
Wands
 m - a wand of disintegration (13)
 r - a wand of paralysis (16)
 B - a wand of acid (15)
 D - a wand of polymorph (22)
Scrolls
 g - 2 scrolls of enchant weapon
 i - 3 scrolls of fear
 k - 5 scrolls of teleportation {@r4}
 p - 10 scrolls of remove curse
 v - a scroll of silence {!r}
 w - a scroll of fog
 C - 2 scrolls of blinking
Potions
 d - 2 potions of curing {@q1}
 e - 3 potions of heal wounds {@q2}
 h - a potion of agility
 l - 3 potions of degeneration {!q}
 o - a potion of flight
 E - a potion of might
Comestibles
 f - 22 rations
 G - 2 chunks of flesh

Dungeon Overview and Level Annotations

Branches:
Dungeon (11/15)            Temple (1/1) D:4
   Lair: D:8-11         Orc: D:9-12

Altars:
Ashenzari
Cheibriados
Dithmenos
Elyvilon
Fedhas
Gozag
Hepliaklqana
Kikubaaqudgha
Makhleb
Nemelex Xobeh
Okawaru
Qazlal
Ru
Sif Muna
Trog
Uskayaw
Vehumet
Wu Jian
Xom
Yredelemnul
Zin
The Shining One

Shops:
D:6 !=([

Annotations:
D:11 shakethe's ghost, journeyman TeBe

.. ..... ....
▒.... .
....▒▒▒...▒ ..
..........▒▒▒...
................
................
.......DYY......
.......Y♣WY.....
........▒▒B▒....
........▒ ▒ .
........▒
........▒
........▒
..▒.....▒ .
▒▒▒▒▒▒▒


You could see a ten-headed hydra, 4 yaks, a worker ant and shakethe's ghost.


Message History

You now have 9/15 mp!
You are too injured to fight recklessly!!!
You are too injured to fight recklessly!!!
You are too injured to fight recklessly!!!
You are too injured to fight recklessly!!!
You are too injured to fight recklessly!!!
You cannot move! (Use ctrl+direction to attack without moving!)
You cannot move! (Use ctrl+direction to attack without moving!)
You cannot move! (Use ctrl+direction to attack without moving!)
You cannot move! (Use ctrl+direction to attack without moving!)
You cannot move! (Use ctrl+direction to attack without moving!)
You cannot move! (Use ctrl+direction to attack without moving!)
You cannot move! (Use ctrl+direction to attack without moving!)
You cannot move! (Use ctrl+direction to attack without moving!)
You cannot move! (Use ctrl+direction to attack without moving!)
You cannot move! (Use ctrl+direction to attack without moving!)
You cannot move! (Use ctrl+direction to attack without moving!)
You cannot move! (Use ctrl+direction to attack without moving!)
You cannot move! (Use ctrl+direction to attack without moving!)
You cannot move! (Use ctrl+direction to attack without moving!)
You cannot move! (Use ctrl+direction to attack without moving!)
You cannot move! (Use ctrl+direction to attack without moving!)
You cannot move! (Use ctrl+direction to attack without moving!)
You cannot move! (Use ctrl+direction to attack without moving!)
You cannot move! (Use ctrl+direction to attack without moving!)
You cannot move! (Use ctrl+direction to attack without moving!)
The yak gores you! * * * don't die
* * * The yak gores you!!! rip

Action                   |  1- 3 |  4- 6 |  7- 9 | 10-12 || total
-------------------------+-------+-------+-------+-------++-------
Melee: War axe           |   103 |   177 |   205 |       ||   485
       Headbutt          |       |    29 |    57 |     9 ||    95
       Hand axe          |       |       |   110 |    74 ||   184
       Kick              |       |       |    40 |    25 ||    65
       Flail             |       |       |       |     7 ||     7
Invok: Minor Destruction |       |       |     9 |     4 ||    13
Evoke: Wand              |       |     2 |       |       ||     2
  Use: Potion            |     2 |     4 |     6 |     3 ||    15
       Scroll            |     4 |     8 |    10 |       ||    22
  Eat: Chunk             |     1 |     6 |    12 |     6 ||    25
       Ration            |       |       |     2 |       ||     2
Armor: Scale mail        |    60 |    55 |     1 |       ||   116
       Plate armour      |       |       |   115 |    23 ||   138
       Skin              |       |       |       |    38 ||    38
Dodge: Dodged            |    32 |    58 |    43 |    13 ||   146
Block: Shield            |    57 |   108 |   291 |    75 ||   531
       Reflection        |       |       |    13 |     5 ||    18

Vault maps used:
D:1:      lightli_arrival_lavapool
D:2:      lemuel_zombie_altar_yredelemnul, doesnt_xom_only_xom
D:3:      serial_park_tiny_1, nicolae_ru_the_path_less_chosen
D:4:      nicolae_gozag_cash_rules_everything_around_me, marbit_many_paths,
          minmay_temple_entry_statues_pillars, first_ration, uniq_menkaure
D:5:      uniq_sigmund, uniq_blork_the_orc, uniq_pikel
D:6:      nicolae_overflow_crystal_walls, serial_shops, shop,
          kennysheep_mini_moat, nicolae_shop_waterfront, shop
D:7:      kennysheep_windowed_goal
D:8:      gammafunk_temple_overflow_elements
D:10:     grunt_livestock
D:11:     erik_lair_orcish_takeover, kennysheep_orc_monster_closet_entryway
Temple:   regret_index_temple_waves

Notes
Turn   | Place    | Note
-------+----------+-------------------------------------------
     0 | D:1      | rlgrobin the Demonspawn Fighter began the quest for the Orb.
     0 | D:1      | Reached XP level 1. HP: 18/18 MP: 1/1
    50 | D:1      | Reached skill level 2 in Axes
    50 | D:1      | You feel monstrous as your demonic heritage exerts itself.
    50 | D:1      | Gained mutation: You have sharp fingernails. [demonic ancestry]
    50 | D:1      | Reached XP level 2. HP: 4/24 MP: 2/2
   460 | D:1      | Reached skill level 3 in Armour
   469 | D:1      | Reached skill level 3 in Shields
   556 | D:1      | Gained mutation: Your flesh is heat resistant. (rF+) [demonic ancestry]
   556 | D:1      | Reached XP level 3. HP: 29/29 MP: 3/3
  1071 | D:2      | Gained mutation: You have a pair of small horns on your head. [demonic ancestry]
  1071 | D:2      | Reached XP level 4. HP: 32/35 MP: 4/4
  1685 | D:2      | Found a basalt altar of Yredelemnul.
  1687 | D:2      | Found a bloodstained altar of Trog.
  1687 | D:2      | Found a burning altar of Makhleb.
  1689 | D:2      | Found a shimmering altar of Xom.
  1689 | D:2      | Found a shimmering altar of Xom.
  1689 | D:2      | Found a shimmering altar of Xom.
  1848 | D:2      | Found a basalt altar of Yredelemnul.
  2013 | D:3      | Reached XP level 5. HP: 39/42 MP: 5/5
  2141 | D:3      | Noticed shakethe's ghost (amateur DrTm)
  2174 | D:3      | Killed shakethe's ghost
  2174 | D:3      | Reached skill level 4 in Fighting
  2174 | D:3      | Reached skill level 3 in Axes
  2631 | D:3      | Found a sacrificial altar of Ru.
  2803 | D:4      | Reached XP level 6. HP: 48/48 MP: 6/6
  2886 | D:4      | Reached skill level 4 in Armour
  2886 | D:4      | Reached skill level 4 in Shields
  2930 | D:4      | Noticed shakethe's ghost (amateur OgSk)
  2958 | D:4      | Killed shakethe's ghost
  3045 | D:4      | Reached XP level 7. HP: 55/55 MP: 7/7
  3270 | D:4      | Found a deep blue altar of Sif Muna.
  3358 | D:4      | Found an opulent altar of Gozag.
  3388 | D:4      | Noticed Menkaure
  3396 | D:4      | Killed Menkaure
  3469 | D:4      | Found a staircase to the Ecumenical Temple.
  3474 | D:4      | Reached skill level 5 in Fighting
  3474 | D:4      | Reached skill level 4 in Axes
  3489 | Temple   | Entered the Ecumenical Temple
  3576 | Temple   | Became a worshipper of Makhleb the Destroyer
  3747 | D:5      | Entered Level 5 of the Dungeon
  3747 | D:5      | Noticed Pikel
  3776 | D:4      | Killed Pikel
  3776 | D:4      | Reached skill level 5 in Armour
  3776 | D:4      | Reached skill level 5 in Shields
  3776 | D:4      | Reached skill level 2 in Invocations
  3776 | D:4      | Gained mutation: You are immune to clouds of flame. [demonic ancestry]
  3776 | D:4      | Reached XP level 8. HP: 27/63 MP: 7/10
  3863 | D:5      | Reached skill level 3 in Invocations
  3941 | D:5      | Noticed Blork the orc
  3954 | D:5      | Killed Blork the orc
  4155 | D:5      | Noticed Sigmund
  4164 | D:5      | Killed Sigmund
  4180 | D:5      | Reached skill level 6 in Fighting
  4185 | D:5      | Reached skill level 4 in Invocations
  4203 | D:5      | Reached skill level 5 in Axes
  4299 | D:5      | Identified a potion of resistance
  4545 | D:6      | Reached * piety under Makhleb
  4696 | D:6      | Found Syuchelu's Distillery.
  4713 | D:6      | Gained mutation: You have sharp toenails. [demonic ancestry]
  4713 | D:6      | Reached XP level 9. HP: 69/69 MP: 12/12
  4730 | D:6      | Found a radiant altar of Vehumet.
  4797 | D:6      | Found Ziwuuwn's Jewellery Shoppe.
  4817 | D:6      | Reached skill level 5 in Invocations
  4838 | D:6      | Bought a +2 ring of strength for 97 gold pieces
  4871 | D:6      | Found Tayssohy's Armour Boutique.
  4908 | D:6      | Found Kozoq's Antique Weapon Boutique.
  4913 | D:6      | Bought a twisted hand axe for 208 gold pieces
  4913 | D:6      | Identified the +9 hand axe of the Warrior {elec, *Corrode rPois Int+4} (You bought it in a shop on level 6 of the Dungeon)
  4985 | D:6      | Bought a potion of lignification for 36 gold pieces
  5104 | D:6      | Reached skill level 6 in Armour
  5104 | D:6      | Reached skill level 6 in Shields
  5323 | D:7      | Reached ** piety under Makhleb
  5482 | D:7      | Reached skill level 1 in Unarmed Combat
  5717 | D:7      | Reached skill level 6 in Invocations
  6226 | D:8      | Found a bloodstained altar of Trog.
  6226 | D:8      | Found a snail-covered altar of Cheibriados.
  6501 | D:8      | Reached skill level 7 in Fighting
  6578 | D:8      | Reached skill level 6 in Axes
  7022 | D:9      | Reached skill level 2 in Unarmed Combat
  7186 | D:9      | Reached *** piety under Makhleb
  7192 | D:9      | HP: 7/71 [yak (7)]
  7341 | D:9      | Gained mutation: You have razor-sharp toenails. [demonic ancestry]
  7341 | D:9      | Reached XP level 10. HP: 79/79 MP: 13/15
  7360 | D:9      | Reached skill level 7 in Invocations
  7384 | D:9      | Got an ivory flail {flame}
  7386 | D:9      | Identified the +10 flail of a sewer {flame, Str+6 Stlth+} (You took it off an orc on level 9 of the Dungeon)
  7473 | D:10     | Entered Level 10 of the Dungeon
  7647 | D:10     | Noticed a gargoyle
  7655 | D:10     | Killed a gargoyle
  7655 | D:10     | Reached skill level 7 in Armour
  7759 | D:10     | Reached skill level 3 in Unarmed Combat
  8150 | D:10     | Reached skill level 7 in Shields
  8342 | D:11     | Noticed a seven-headed hydra
  8344 | D:11     | Noticed shakethe's ghost (journeyman TeBe)
  8348 | D:11     | Reached **** piety under Makhleb
  8352 | D:11     | HP: 10/120 [ten-headed hydra (6)]
  8352 | D:11     | HP: 1/120 [yak (9)]
  8353 | D:11     | Mangled by a yak

Vanquished Creatures
  Pikel (D:4)
  A gargoyle (D:10)
  The ghost of shakethe the Skirmisher, an amateur OgSk (D:4)
  Sigmund (D:5)
  A human (D:10)
  4 hogs (D:10)
  6 yaks
  2 hungry ghosts
  Menkaure (D:4)
  3 slaves (D:4)
  A phantom (D:6)
  An ice beast (D:6)
  2 orc warriors
  A necrophage (D:7)
  The ghost of shakethe the Changer, an amateur DrTm (D:3)
  2 centaurs
  2 ogres
  A crocodile (D:9)
  2 big kobolds
  4 bullfrogs
  Blork the orc (D:5)
  5 killer bees (D:9)
  3 wights (D:7)
  2 crimson imps
  4 bullfrog zombies
  A jelly (D:7)
  5 orc priests
  7 hounds
  10 orc wizards
  A centaur skeleton (D:7)
  An iguana (D:10)
  12 worker ants
  A killer bee zombie (D:9)
  A hound zombie (D:2)
  2 worker ant zombies
  A howler monkey skeleton (D:5)
  12 adders
  An ooze (D:5)
  4 dart slugs
  3 worms
  5 leopard geckos
  40 orcs
  2 ball pythons
  5 giant cockroaches
  5 goblins
  10 hobgoblins
  8 jackals
  19 kobolds
  5 quokkas
  11 bats
  3 frilled lizards (D:1)
  2 gnoll zombies (D:2)
  A quokka zombie (D:6)
  10 rats
241 creatures vanquished.

Vanquished Creatures (others)
  A centaur (D:9)
1 creature vanquished.

Grand Total: 242 creatures vanquished
